 Dungeon Crawl Stone Soup version 0.29.0-4-gdea44cf6ec (webtiles) character file.

Game seed: 3886570973298695948

53 qw the Caller (level 3, -6/30 HPs)
             Began as a Ghoul Summoner on Sept 10, 2022.
             Mangled by Terence
             ... wielding a +0 flail
              (8 damage)
             ... on level 2 of the Dungeon.
             The game lasted 00:00:45 (1875 turns).

qw the Caller (Ghoul Summoner)                      Turns: 1875, Time: 00:00:45

Health: -6/30      AC:  3    Str: 13    XL:     3   Next: 87%
Magic:  0/4        EV: 12    Int: 10    God:
Gold:   72         SH:  0    Dex:  9    Spells: 4/5 levels left

rFire   . . .      SeeInvis .   Y - +0 spear
rCold   + . .      Faith    .   (no shield)
rNeg    + + +      Spirit   .   a - +0 robe
rPois   inf        Reflect  .   (no helmet)
rElec   .          Harm     .   i - +0 cloak
rCorr   .          Rampage  .   (no gloves)
Will    .....                   (no boots)
Stlth   ++........              (no amulet)
HPRegen 0.00/turn               (no ring)
MPRegen 0.09/turn               (no ring)

@: inhibited regen
A: claws 1, cold resistance 1, negative energy resistance 3, inhibited
regeneration, torment resistance 2, devour on kill
a: no special abilities


You were on level 2 of the Dungeon.
You visited 1 branch of the dungeon, and saw 2 of its levels.

You collected 72 gold pieces.


Innate Abilities, Weirdness & Mutations

You are immune to poison.
You have sharp fingernails.
Your flesh is cold resistant. (rC+)
You are immune to negative energy. (rN+++)
You do not regenerate when monsters are visible.
You are immune to unholy pain and torment.
You thrive by killing the living.


   Skills:
 - Level 2.3 Fighting
 + Level 2.1 Axes
 - Level 1.7 Dodging
 - Level 2.1 Stealth
 - Level 1.7 Spellcasting
 - Level 3.6 Summonings


You had 4 spell levels left.
You knew the following spells:

 Your Spells              Type           Power      Damage    Failure   Level
a - Summon Small Mammal   Summ           32%        N/A       8%          1

Your spell library contained the following spells:

 Spells                   Type           Power      Damage    Failure   Level
 Call Imp                 Summ           8%         N/A       11%         2
 Call Canine Familiar     Summ           8%         N/A       22%         3
 Summon Guardian Golem    Hex/Summ       4%         N/A       43%         3
 Summon Lightning Spire   Summ/Air       4%         N/A       83%         4

Inventory:

Hand Weapons
 Y - a +0 spear (weapon)
Armour
 a - a +0 robe (worn)
 d - a scarf of invisibility
 i - a +0 cloak (worn)
Scrolls
 f - a scroll of identify {unknown}
 g - a scroll of noise {unknown}
 h - a scroll of blinking {unknown}
Potions
 b - a potion of invisibility {unknown}
 c - a potion of curing {unknown}
 e - a potion of cancellation {unknown}
 j - a potion of degeneration {unknown}

Dungeon Overview and Level Annotations

Branches:
Dungeon (2/15)

Altars:

Annotations:
D:2 Terence


Message History

Your rat bites Terence but does no damage.
Your rat closely misses Terence.
You hit Terence.
Terence is moderately wounded.
Terence closely misses you.
Your rat bites Terence but does no damage.
Your rat closely misses Terence.
You barely miss Terence.
Terence is moderately wounded.
Terence barely misses you.
Your rat barely misses Terence.
Your rat bites Terence but does no damage.
You hit Terence but do no damage.
Terence is moderately wounded.
Terence hits you with a +0 flail!
Your rat bites Terence but does no damage.
Your rat bites Terence.
You hit Terence but do no damage.
Terence is moderately wounded.
Terence hits you with a +0 flail.
Your rat bites Terence.
Your rat completely misses Terence.
You barely miss Terence.
Terence is heavily wounded.
Terence closely misses you.
Your rat bites Terence but does no damage. x2
You hit Terence but do no damage.
Terence is heavily wounded.
Terence hits you with a +0 flail.
Your rat bites Terence but does no damage.
Your rat barely misses Terence.
You hit Terence but do no damage.
Terence is heavily wounded.
Terence barely misses you.
Your rat bites Terence but does no damage.
Your rat bites Terence.
1875 ||| CASTING Summon Small Mammal
Casting: Summon Small Mammal (safe; 8% risk of failure)
Confirm with . or Enter, or press ? or * to list all spells.
Your rat disappears in a puff of smoke!
Terence hits you with a +0 flail!
You die...

# # .#. #.# #.#
##.# # .r# ..
#.###@# 77..
#...ยค@#~~~..
####..7~~~~.
#b~~~~~~.
#~~~~~~~.
##7~~~~~~~.
####~~~~~~~~~.
#...77~P~~~~~.
###...77~~~~~~~.
#......777~~~~~.


You could see Terence (ally target), a friendly bat (summoned) and a friendly
rat (summoned).

Vanquished Creatures
  An adder (D:2)
  A worm (D:2)
  A dart slug (D:1)
  A ball python (D:2)
  2 giant cockroaches
  A goblin (D:2)
  2 hobgoblins (D:1)
  2 kobolds
  2 bats (D:1)
  A rat (D:1)
14 creatures vanquished.

Vanquished Creatures (collateral kills)
  2 adders (D:2)
  2 ball pythons (D:1)
  A bat (D:1)
  2 frilled lizards (D:1)
  A kobold (D:2)
  4 rats
12 creatures vanquished.

Vanquished Creatures (others)
  13 plants (D:2)
13 creatures vanquished.

Grand Total: 39 creatures vanquished

Notes
Turn   | Place    | Note
-------+----------+-------------------------------------------
     0 | D:1      | qw the Ghoul Summoner began the quest for the Orb.
     0 | D:1      | Reached XP level 1. HP: 14/14 MP: 2/2
     0 | D:1      | 0 ||| qw: Version: 0.1-a-116-g5d60599
     0 | D:1      | 0 ||| qw: Game counter: 7575
     0 | D:1      | 0 ||| qw: Always use a shield: true
     0 | D:1      | 0 ||| qw: God list: Okawaru
     0 | D:1      | 0 ||| qw: Allow faded altars: false
     0 | D:1      | 0 ||| qw: Do Orc after D:15 true
     0 | D:1      | 0 ||| qw: Do second Lair branch before Depths: true
     0 | D:1      | 0 ||| qw: Lair rune preference: random
     0 | D:1      | 0 ||| qw: Plans: Normal
     0 | D:1      | 0 ||| PLANNING D:1-11
    60 | D:1      | 60 ||| CASTING Summon Small Mammal
    61 | D:1      | 61 ||| CASTING Summon Small Mammal
   157 | D:1      | 157 ||| Wielding weapon +0 dagger.
   180 | D:1      | 180 ||| CASTING Summon Small Mammal
   181 | D:1      | 181 ||| CASTING Summon Small Mammal
   193 | D:1      | 193 ||| CASTING Summon Small Mammal
   332 | D:1      | 332 ||| CASTING Summon Small Mammal
   333 | D:1      | 333 ||| CASTING Summon Small Mammal
   335 | D:1      | 335 ||| Stepping ~*~*~tactically~*~*~ (hiding).
   344 | D:1      | 344 ||| CASTING Summon Small Mammal
   349 | D:1      | Reached skill level 1 in Axes
   385 | D:1      | 385 ||| SWAPPING to +0 spear.
   386 | D:1      | 386 ||| DROPPING +0 dagger.
   401 | D:1      | 401 ||| CASTING Summon Small Mammal
   402 | D:1      | 402 ||| CASTING Summon Small Mammal
   407 | D:1      | Reached XP level 2. HP: 20/20 MP: 0/3
   440 | D:1      | 440 ||| CASTING Summon Small Mammal
   441 | D:1      | 441 ||| CASTING Summon Small Mammal
   442 | D:1      | 442 ||| CASTING Summon Small Mammal
   478 | D:1      | 478 ||| CASTING Summon Small Mammal
   479 | D:1      | 479 ||| CASTING Summon Small Mammal
   480 | D:1      | 480 ||| CASTING Summon Small Mammal
   521 | D:1      | 521 ||| CASTING Summon Small Mammal
   522 | D:1      | 522 ||| CASTING Summon Small Mammal
   523 | D:1      | 523 ||| CASTING Summon Small Mammal
   570 | D:1      | 570 ||| CASTING Summon Small Mammal
   571 | D:1      | 571 ||| CASTING Summon Small Mammal
   572 | D:1      | 572 ||| CASTING Summon Small Mammal
   581 | D:1      | Reached skill level 1 in Fighting
   630 | D:1      | 630 ||| CASTING Summon Small Mammal
   631 | D:1      | 631 ||| CASTING Summon Small Mammal
   632 | D:1      | 632 ||| CASTING Summon Small Mammal
   684 | D:1      | 684 ||| CASTING Summon Small Mammal
   685 | D:1      | 685 ||| CASTING Summon Small Mammal
   686 | D:1      | 686 ||| CASTING Summon Small Mammal
   722 | D:1      | 722 ||| CASTING Summon Small Mammal
   723 | D:1      | 723 ||| CASTING Summon Small Mammal
   724 | D:1      | 724 ||| CASTING Summon Small Mammal
   734 | D:1      | 734 ||| CASTING Summon Small Mammal
   812 | D:1      | 812 ||| CASTING Summon Small Mammal
   813 | D:1      | 813 ||| CASTING Summon Small Mammal
   814 | D:1      | 814 ||| CASTING Summon Small Mammal
  1159 | D:1      | 1159 ||| UPGRADING to +0 cloak.
  1164 | D:1      | 1164 ||| READING scroll labelled FUENEW LELUR.
  1165 | D:1      | 1165 ||| READING scroll labelled UNELIH QOCZU.
  1168 | D:1      | 1168 ||| READING scroll labelled GEPLIH KUSI.
  1169 | D:1      | 1169 ||| DROPPING potion of magic.
  1174 | D:2      | 1174 ||| CASTING Summon Small Mammal
  1175 | D:2      | 1175 ||| STAIRDANCE
  1188 | D:2      | 1188 ||| CASTING Summon Small Mammal
  1189 | D:2      | 1189 ||| STAIRDANCE
  1202 | D:2      | 1202 ||| CASTING Summon Small Mammal
  1203 | D:2      | 1203 ||| STAIRDANCE
  1216 | D:2      | 1216 ||| CASTING Summon Small Mammal
  1217 | D:2      | 1217 ||| STAIRDANCE
  1230 | D:2      | 1230 ||| CASTING Summon Small Mammal
  1231 | D:2      | 1231 ||| CASTING Summon Small Mammal
  1232 | D:2      | 1232 ||| CASTING Summon Small Mammal
  1237 | D:2      | 1237 ||| STAIRDANCE
  1390 | D:2      | 1390 ||| CASTING Summon Small Mammal
  1391 | D:2      | 1391 ||| CASTING Summon Small Mammal
  1392 | D:2      | 1392 ||| CASTING Summon Small Mammal
  1402 | D:2      | Reached XP level 3. HP: 26/28 MP: 1/4
  1454 | D:2      | 1454 ||| Stepping ~*~*~tactically~*~*~ (stealth).
  1456 | D:2      | 1456 ||| Stepping ~*~*~tactically~*~*~ (stealth).
  1457 | D:2      | 1457 ||| CASTING Summon Small Mammal
  1458 | D:2      | 1458 ||| CASTING Summon Small Mammal
  1459 | D:2      | 1459 ||| CASTING Summon Small Mammal
  1460 | D:2      | 1460 ||| CASTING Summon Small Mammal
  1468 | D:2      | 1468 ||| CASTING Summon Small Mammal
  1538 | D:2      | 1538 ||| CASTING Summon Small Mammal
  1539 | D:2      | 1539 ||| CASTING Summon Small Mammal
  1540 | D:2      | 1540 ||| CASTING Summon Small Mammal
  1541 | D:2      | 1541 ||| CASTING Summon Small Mammal
  1549 | D:2      | 1549 ||| CASTING Summon Small Mammal
  1558 | D:2      | 1558 ||| Stepping ~*~*~tactically~*~*~ (reaching).
  1560 | D:2      | 1560 ||| CASTING Summon Small Mammal
  1618 | D:2      | 1618 ||| CASTING Summon Small Mammal
  1620 | D:2      | 1620 ||| CASTING Summon Small Mammal
  1645 | D:2      | 1645 ||| CASTING Summon Small Mammal
  1646 | D:2      | 1646 ||| CASTING Summon Small Mammal
  1647 | D:2      | 1647 ||| CASTING Summon Small Mammal
  1648 | D:2      | 1648 ||| CASTING Summon Small Mammal
  1695 | D:2      | 1695 ||| CASTING Summon Small Mammal
  1696 | D:2      | 1696 ||| CASTING Summon Small Mammal
  1697 | D:2      | 1697 ||| CASTING Summon Small Mammal
  1698 | D:2      | 1698 ||| CASTING Summon Small Mammal
  1740 | D:2      | 1740 ||| CASTING Summon Small Mammal
  1741 | D:2      | 1741 ||| CASTING Summon Small Mammal
  1742 | D:2      | 1742 ||| CASTING Summon Small Mammal
  1743 | D:2      | 1743 ||| CASTING Summon Small Mammal
  1788 | D:2      | 1788 ||| CASTING Summon Small Mammal
  1789 | D:2      | 1789 ||| CASTING Summon Small Mammal
  1790 | D:2      | 1790 ||| CASTING Summon Small Mammal
  1791 | D:2      | 1791 ||| CASTING Summon Small Mammal
  1853 | D:2      | Noticed Terence
  1854 | D:2      | 1854 ||| CASTING Summon Small Mammal
  1855 | D:2      | 1855 ||| CASTING Summon Small Mammal
  1856 | D:2      | 1856 ||| CASTING Summon Small Mammal
  1857 | D:2      | 1857 ||| CASTING Summon Small Mammal
  1864 | D:2      | 1864 ||| CASTING Summon Small Mammal
  1871 | D:2      | HP: 5/30 [Terence/+0 flail (4)]
  1873 | D:2      | HP: 2/30 [Terence/+0 flail (3)]
  1875 | D:2      | 1875 ||| CASTING Summon Small Mammal
  1875 | D:2      | Mangled by Terence

Levels and vault maps discovered:
D:1:      nagdon_arrival_zigzag_paths, layout_basic
D:2:      layout_loops_ring, serial_bayou_lagoon_b, uniq_sigmund,
          uniq_crazy_yiuf_cottage, uniq_terence

Skill      XL: |  1  2  3 |
---------------+----------+-----
Axes           | 1 2 |  2.1
Fighting       | 1 2 |  2.3
Dodging        | |  1.7
Stealth        | |  2.1
Spellcasting   | |  1.7
Summonings     | |  3.6

Action                   || total
-------------------------++-------
Melee: Dagger            ||    13
       Punch             ||     1
       Spear             ||    79
 Cast: Summon Small Mamm ||    74
  Use: Scroll            ||     3
Armor: Robe              ||    15
Dodge: Dodged            ||    40

Table legend:
 A = Non-vault XP
 B = Vault XP
 C = Vault XP percentage of total XP
 D = Non-vault monster count
 E = Vault monster count
 F = Vault count percentage of total count
                 A         B        C        D         E       F
            +---------+---------+-------+---------+---------+-------
      Total |      76 |       0 |   0.0 |      26 |       0 |   0.0
            +---------+---------+-------+---------+---------+-------
        D:1 |      22 |       0 |   0.0 |      15 |       0 |   0.0
        D:2 |      54 |       0 |   0.0 |      11 |       0 |   0.0
            +---------+---------+-------+---------+---------+-------
